 Dungeon Crawl Stone Soup version 0.31-a0-840-g6d2ecbb638 (webtiles) character file.

Game seed: 16007500337051788554

46 BinkBink the Ruffian (level 3, -8/29 HPs)
             Began as a Minotaur Shapeshifter on Sept 27, 2023.
             Was an Initiate of Trog.
             Killed by divine providence
             ... invoked by an orc priest
              (12 damage)
             ... on level 3 of the Dungeon.
             The game lasted 00:01:37 (1536 turns).

BinkBink the Ruffian (Minotaur Shapeshifter)        Turns: 1536, Time: 00:01:38

Health: -8/29      AC:  2    Str: 20    XL:     3   Next: 46%
Magic:  2/2        EV: 12    Int:  7    God:    Trog [......]
Gold:   97         SH:  0    Dex:  9    Spells: 2/2 levels left

rFire   . .          .
                       - Unarmed
rCold   . . .        (no shield)
rNeg    . . .        a - +0 animal skin
rPois   .            (helmet currently unavailable)
rElec   .            (cloak currently unavailable)
rCorr   .            (gloves currently unavailable)
SInv    .            (boots currently unavailable)
Will    .....        (no amulet)
Stlth   +            (no ring)
HPRegen 0.24/turn    (no ring)
MPRegen 0.08/turn

%: no passive effects
@: beast-form
A: beast (slay +1), horns 2, retaliatory headbutt
a: Begin Untransformation, Renounce Religion


You were on level 3 of the Dungeon.
You worshipped Trog.
Trog was noncommittal.
You were a hulking beast.
You visited 1 branch of the dungeon, and saw 3 of its levels.

You collected 97 gold pieces.

Inventory:

Armour
 a - a +0 animal skin (worn)
Jewellery
 g - a ring of willpower
Talismans
 c - a beast talisman (active)
 d - a flux talisman
Wands
 j - a wand of mindburst (7)
Scrolls
 f - 3 scrolls of identify {unknown}
 k - a scroll of enchant armour {unknown}
Potions
 b - a potion of lignification
 e - 2 potions of heal wounds {unknown}
 h - a potion of curing {unknown}
 i - a potion of might {unknown}


   Skills:
 + Level 2.2 Fighting
 + Level 2.8 Dodging
 + Level 3.7 Unarmed Combat
 + Level 2.7 Shapeshifting


You had 2 spell levels left.
You didn't know any spells.
Your spell library was empty.

Dungeon Overview and Level Annotations

Branches:
Dungeon (3/15)

Altars:
Trog


Innate Abilities, Weirdness & Mutations

You are a hulking beast.
Your limbs bulge with bestial killing power. (Slay +1)
You have a pair of horns on your head.
You reflexively headbutt those who attack you in melee.


Message History

You are too injured to fight recklessly!
You are too injured to fight recklessly!
You are too injured to fight recklessly!
You hit the orc.
The orc is heavily wounded.
The orc barely misses you. You furiously retaliate!
You headbutt the orc.
You kill the orc!
Trog accepts your kill.
The orc hits you with a +0 short sword. x2
Things that are here:
a +0 whip; a +0 ring mail; a +3 heavy hand axe You completely miss the orc.
You headbutt the orc.
The orc is moderately wounded.
The orc misses you. You furiously retaliate!
You headbutt the orc!
You kill the orc!
Trog accepts your kill. The orc barely misses you.
You hit the orc but do no damage. Your punch misses the orc.
The orc is moderately wounded.
You hit the orc but do no damage.
The orc is moderately wounded.
You hit the orc but do no damage.
The orc is moderately wounded.
The orc hits you with a +0 short sword.
* * * LOW HITPOINT WARNING * * *
You hit the orc but do no damage.
The orc is moderately wounded.
The orc priest hits you with a +0 hand axe.
* * * LOW HITPOINT WARNING * * *
An orc comes into view. It is wielding a +0 heavy war axe.
The orc barely misses you.
The orc shouts!
You hit the orc priest. Your headbutt misses the orc priest.
The orc priest is moderately wounded.
The orc misses you. You furiously retaliate!
You headbutt the orc!
You kill the orc!
Trog accepts your kill.
The orc priest mumbles some strange prayers to Beogh against you.
Beogh smites you!
You die...

...# #.# #[# #..# #.#
#.## #..###.###...
#..##...##.##
#..##...##.##
#..##...##)#.
#..##...##...
######..##...##.#.
#h).............##
#o####.#..###.####
....o.)J........# #.#
##..###.######.####.####
# ##.# #.###...... ##...
###.##....... .......
..#........).
...##.o.###.#####.#####
#...........#####.# #.


You could see an orc priest, an orc and an endoplasm.

Vanquished Creatures
  7 orcs (D:3)
  An endoplasm (D:1)
  2 giant cockroaches
  3 goblins
  4 hobgoblins
  6 kobolds
  2 quokkas (D:1)
  A ball python (D:1)
  6 bats
  3 frilled lizards
  5 rats (D:1)
40 creatures vanquished.

Notes
Turn   | Place    | Note
-------+----------+-------------------------------------------
     0 | D:1      | BinkBink the Minotaur Shapeshifter began the quest for the
                  | Orb.
     0 | D:1      | Reached XP level 1. HP: 16/16 MP: 0/0
   158 | D:1      | Reached XP level 2. HP: 18/24 MP: 1/1
  1273 | D:2      | You fall into a shaft and drop 1 floor!
  1273 | D:3      | Found a bloodstained altar of Trog.
  1277 | D:3      | Became a worshipper of Trog the Wrathful
  1338 | D:3      | Reached XP level 3. HP: 26/29 MP: 2/2
  1536 | D:3      | Killed from afar by an orc priest

Illustrated notes

Levels and vault maps discovered:
D:1:      dpeg_arrival_boxes_within_box, layout_basic
D:2:      layout_loops_ring, basic_altar, uniq_crazy_yiuf_cottage, uniq_natasha
D:3:      layout_loops_ring, lemuel_tele_altar, chequers_jeans,
          kennysheep_generic_room_10

Skill      XL: |  1  2 |
---------------+-------+-----
Fighting       | 2 |  2.2
Dodging        | |  2.8
Unarmed Combat | |  3.7
Shapeshifting  | |  2.7

Action                     || total
---------------------------++-------
  Melee: Unarmed           ||    72
         Headbutt          ||     9
         Punch             ||     2
   Stab: Sleeping          ||     1
 Armour: Animal skin       ||    37
  Dodge: Dodged            ||    40

Table legend: (Time is in decaauts)
 A = Elapsed time spent in this place.
 B = Non-inter-level travel time spent in this place.
 C = Inter-level travel time spent in this place.
 D = Time resting spent in this place.
 E = Time spent auto-exploring this place.
 F = Levels seen in this place.
 G = Mean time per level.
                   A        B        C        D        E       F      G
               +--------+--------+--------+--------+--------+-----+--------+
         Total |   1530 |   1492 |     38 |      0 |   1294 |   3 |  510.0 |
       Dungeon |   1530 |   1492 |     38 |      0 |   1294 |   3 |  510.0 |
               +--------+--------+--------+--------+--------+-----+--------+

Top non-repeatable levels by time:
     D:1: 1169 daAuts
     D:3: 261 daAuts
     D:2: 100 daAuts
